 Dungeon Crawl Stone Soup version 0.27-a0-1308-gc08437e49b (webtiles) character file.

Game seed: 10287383116556994282

7 Rohain the Gusty (level 2, 0/15 HPs)
             Began as a Tengu Air Elementalist on June 18, 2021.
             Slain by a goblin (2 damage)
             ... on level 1 of the Dungeon.
             The game lasted 00:00:27 (61 turns).

Rohain the Gusty (Tengu Air Elementalist)             Turns: 61, Time: 00:00:28

Health: 0/15       AC:  2    Str:  8    XL:     2   Next: 0%
Magic:  1/6        EV: 12    Int: 15    God:
Gold:   0          SH:  0    Dex: 14    Spells: 4/5 levels left

rFire    . . .     SeeInvis .   (no weapon)
rCold    . . .     Faith    .   (no shield)
rNeg     . . .     Spirit   .   a - +0 robe
rPois    .         Reflect  .   (helmet restricted)
rElec    .         Harm     .   (no cloak)
rCorr    .         Rampage  .   (no gloves)
Will     .....                  (boots unavailable)
Stlth    ++........             (no amulet)
HPRegen  0.05/turn              (no ring)
MPRegen  0.10/turn              (no ring)

@: no status effects
A: beak, talons 3
a: no special abilities


You were on level 1 of the Dungeon.
You visited 1 branch of the dungeon, and saw 1 of its levels.

Inventory:

Armour
 a - a +0 robe (worn)


   Skills:
 + Level 2.3 Dodging
 - Level 2.0 Stealth
 + Level 2.1 Spellcasting
 + Level 1.8 Conjurations
 + Level 4.2 Air Magic


You had 4 spell levels left.
You knew the following spells:

 Your Spells              Type           Power      Damage    Failure   Level
a - Shock                 Conj/Air       40%        1d5       6%          1

Your spell library contained the following spells:

 Spells                   Type           Power      Damage    Failure   Level
 Static Discharge         Conj/Air       10%        N/A       10%         2
 Swiftness                Air            14%        N/A       12%         3
 Airstrike                Air            7%         N/A       36%         4
 Lightning Bolt           Conj/Air       5%         1d17      87%         5


Dungeon Overview and Level Annotations

Branches:
Dungeon (1/15)

Altars:


Innate Abilities, Weirdness & Mutations

You have a beak for a mouth.
You have claws for feet.


Message History

Press: ? - help, Shift-Dir - straight line The zap hits the bat.
You kill the bat!
The zap hits the goblin.
The goblin is severely wounded.
The zap hits the giant cockroach.
The giant cockroach is almost dead.
The zap hits the goblin.
You kill the goblin!
You have reached level 2!
You closely miss the goblin.
The goblin is severely wounded.
The goblin closely misses you.
You closely miss the goblin.
The goblin is severely wounded.
The goblin barely misses you.
You barely miss the goblin.
The goblin is severely wounded.
The goblin barely misses you.
You hit the goblin.
The goblin is almost dead.
The goblin hits you but does no damage.
Casting: Shock (safe; 6% risk of failure)
Confirm with . or Enter, or press ? or * to list all spells.
Aiming: Shock (safe; 6% risk of failure)
Press: ? - help, Shift-Dir - straight line The zap misses the goblin.
The zap misses the giant cockroach.
The zap hits the hobgoblin.
The hobgoblin is heavily wounded.
The goblin hits you with a +0 club.
Unknown command.
You miss the goblin. Your peck misses the goblin.
The goblin is severely wounded.
The goblin hits you but does no damage.
You closely miss the goblin. You peck the goblin, but do no damage.
The goblin is severely wounded.
The goblin hits you with a +0 club.
* * * LOW HITPOINT WARNING * * *
The goblin hits you with a +0 club.
You die...

### ### #.. ..#
##.########.#######
#>.g..g.)....[....b
#..########)####### #.B#
##.## #.
#.g#######..g#####.
#.@##.......Bg..?g.
..............#.#.#####.
.###....................
#.#.............##...
#.#.............##...
#.#......##..........
.......##..........
...................
.[............†.


You could see a giant cockroach, a hobgoblin and a goblin.

Vanquished Creatures
  An endoplasm (D:1)
  2 goblins (D:1)
  A hobgoblin (D:1)
  A bat (D:1)
  A rat (D:1)
6 creatures vanquished.

Notes
Turn   | Place    | Note
-------+----------+-------------------------------------------
     0 | D:1      | Rohain the Tengu Air Elementalist began the quest for the
                  | Orb.
     0 | D:1      | Reached XP level 1. HP: 10/10 MP: 4/4
    47 | D:1      | Reached XP level 2. HP: 9/15 MP: 0/6
    61 | D:1      | Slain by a goblin

Illustrated notes

Levels and vault maps discovered:
D:1:      dpeg_arrival_stonehenge_8_columns, layout_loops_ring, serial_shops,
          nicolae_shop_crystal

Action                   || total
-------------------------++-------
Melee: Unarmed           ||    11
       Kick              ||     1
       Peck              ||     1
 Cast: Shock             ||     7
Armor: Robe              ||    11
Dodge: Dodged            ||    23

Table legend: (Time is in decaauts)
 A = Elapsed time spent in this place.
 B = Non-inter-level travel time spent in this place.
 C = Inter-level travel time spent in this place.
 D = Time resting spent in this place.
 E = Time spent auto-exploring this place.
 F = Levels seen in this place.
 G = Mean time per level.
                   A        B        C        D        E       F      G
               +--------+--------+--------+--------+--------+-----+--------+
         Total |     61 |     61 |      0 |      0 |      2 |   1 |   61.0 |
       Dungeon |     61 |     61 |      0 |      0 |      2 |   1 |   61.0 |
               +--------+--------+--------+--------+--------+-----+--------+

Top non-repeatable levels by time:
     D:1: 61 daAuts
